 Dungeon Crawl Stone Soup version 0.25.0-9-g26727b657a (webtiles) character file.

Game seed: 8091101626976341193

98 po7itron the Ducker (level 4, -2/34 HPs)
             Began as a Demonspawn Gladiator on June 19, 2020.
             Slain by a bullfrog (3 damage)
             ... on level 1 of the Dungeon.
             The game lasted 00:03:57 (2249 turns).

po7itron the Ducker (Demonspawn Gladiator)          Turns: 2249, Time: 00:03:58

Health: -2/34      AC:  7    Str: 16    XL:     4   Next: 44%
Magic:  4/4        EV: 13    Int:  9    God:
Gold:   126        SH:  0    Dex: 14    Spells: 3/3 levels left

rFire    . . .     SeeInvis .   a - +0 war axe
rCold    . . .     Gourm    .   (no shield)
rNeg     . . .     Faith    .   b - +0 leather armour
rPois    .         Spirit   .   c - +0 helmet
rElec    .         Reflect  .   (no cloak)
rCorr    .         Harm     .   j - +0 pair of gloves
MR       .....                  (no boots)
Stlth    +.........             (no amulet)
HPRegen  0.11/turn              (no ring)
MPRegen  0.09/turn              (no ring)

@: no status effects
A: yellow scales 1, rot immunity
a: no special abilities


You were on level 1 of the Dungeon.
You were not hungry.

You visited 1 branch of the dungeon, and saw 3 of its levels.

You collected 126 gold pieces.

Inventory:

Hand Weapons
 a - a +0 war axe (weapon)
Missiles
 d - 3 throwing nets (quivered)
Armour
 b - a +0 leather armour (worn)
 c - a +0 helmet (worn)
 j - a +0 pair of gloves (worn)
Scrolls
 e - a scroll of enchant weapon {unknown}
 h - 2 scrolls of remove curse {unknown}
 i - a scroll of teleportation {unknown}
Comestibles
 f - 2 rations
 g - 3 chunks of flesh


   Skills:
 + Level 2.8 Fighting
 + Level 3.3 Axes
 + Level 2.6 Throwing
 + Level 3.3 Dodging


You had 3 spell levels left.
You didn't know any spells.
Your spell library was empty.

Dungeon Overview and Level Annotations

Branches:
Dungeon (3/15)

Altars:
Kikubaaqudgha
Sif Muna
Yredelemnul

Annotations:
D:2 2 transporters, Menkaure


Innate Abilities, Weirdness & Mutations

You are partially covered in yellow scales. (AC +2)
You are immune to rotting.


Message History

The gnoll hits you with a +0 flail. The bullfrog barely misses you.
There is a stone staircase leading up here.
The bullfrog hits you. The gnoll hits you with a +0 flail.
* * * LOW HITPOINT WARNING * * *
You climb upwards.
There is a stone staircase leading down here.
Unknown command.
You slash the bullfrog!
The bullfrog is moderately wounded.
You hit the gnoll. The bullfrog hits you.
* * * LOW HITPOINT WARNING * * *
The bullfrog hits you.
* * * LOW HITPOINT WARNING * * *
The gnoll completely misses you.
You hit the bullfrog.
The bullfrog is severely wounded.
You barely miss the gnoll. The bullfrog completely misses you.
The gnoll completely misses you. The bullfrog hits you.
You die...

##### # #####...# # #.....♣.♣ #
#.####♣.♣ ## ####.# ♣.♣ #. #.##.#
♣.♣#####. ############
#.##.####♣.♣...... #..........#
#@g......♣.♣...... #..8.....8.#
#F................ #..........##
#.#.######..#####. ............#
#.#.# #..# ###.
.....>......####.#.######..# #...
........)......#.#.........###.#.
.#.............#...............##
.#.8.....8.....##................
.#.............##..###.##........


You could see a bullfrog and a gnoll.

Vanquished Creatures
  2 adders
  An ooze (D:2)
  A worm (D:3)
  A dart slug (D:1)
  5 leopard geckos
  An orc (D:3)
  A ball python (D:1)
  3 giant cockroaches
  6 goblins
  7 hobgoblins
  8 jackals
  4 kobolds
  10 bats
  3 frilled lizards
  10 rats
63 creatures vanquished.

Notes
Turn   | Place    | Note
-------+----------+-------------------------------------------
     0 | D:1      | po7itron the Demonspawn Gladiator began the quest for the
                  | Orb.
     0 | D:1      | Reached XP level 1. HP: 16/16 MP: 1/1
   322 | D:1      | Gained mutation: You are immune to rotting. [demonic
                  | ancestry]
   322 | D:1      | Reached XP level 2. HP: 22/22 MP: 2/2
   867 | D:1      | Reached XP level 3. HP: 27/28 MP: 3/3
  1270 | D:2      | Found an ancient bone altar of Kikubaaqudgha.
  1271 | D:2      | Found a basalt altar of Yredelemnul.
  1271 | D:2      | Noticed Menkaure
  1272 | D:2      | Found a transporter.
  1467 | D:2      | Gained mutation: You are partially covered in yellow
                  | scales. (AC +2) [demonic ancestry]
  1467 | D:2      | Reached XP level 4. HP: 31/34 MP: 4/4
  1588 | D:2      | Found a transporter.
  1954 | D:2      | Found a shimmering blue altar of Sif Muna.
  2211 | D:3      | Noticed a bullfrog
  2248 | D:1      | HP: 1/34 [bullfrog (2)]
  2249 | D:1      | Slain by a bullfrog

Illustrated notes

Levels and vault maps discovered:
D:1:      dpeg_arrival_refuge, layout_basic, serial_forest,
          infiniplex_forest_lined_2, infiniplex_forest_straight_2,
          infiniplex_forest_end_double, infiniplex_forest_straight_3,
          infiniplex_forest_straight_4, infiniplex_forest_lined_2,
          infiniplex_forest_straight_2, infiniplex_forest_straight_2,
          infiniplex_forest_clump_double, chequers_serial_rivers_small_b,
          dk_noncrumbling_3, st_stairs_1
D:2:      layout_rooms, nicolae_overflow_hidden_temple,
          gammafunk_temple_of_torment, first_ration,
          hangedman_decor_diamond_cutter, lemuel_blue_sif_altar
D:3:      layout_basic, regret_index_temple_of_mockery, minmay_circle_x

Skill      XL: |  1  2 |
---------------+-------+-----
Throwing       | 2 |  2.6
Dodging        | 3 |  3.3
Axes           | 3 |  3.3
Fighting       | |  2.8

Action                   |  1- 3 |  4- 6 || total
-------------------------+-------+-------++-------
Melee: War axe           |    95 |    57 ||   152
  Use: Potion            |     1 |       ||     1
 Stab: Sleeping          |     2 |       ||     2
  Eat: Chunk             |     2 |     2 ||     4
Armor: Leather armour    |    39 |    26 ||    65
       Skin              |    10 |       ||    10
Dodge: Dodged            |    79 |    65 ||   144
